 Dungeon Crawl Stone Soup version 0.31-a0-1278-g11c5b68f87 (webtiles) character file.

Game seed: 7551224574798348113

585 timneilson the Ruffian (level 7, -2/46 HPs)
             Began as an Octopode Shapeshifter on Dec 17, 2023.
             Splashed by a jelly's acid (7 damage)
             ... on level 6 of the Dungeon.
             The game lasted 00:07:36 (4334 turns).

timneilson the Ruffian (Octopode Shapeshifter)      Turns: 4334, Time: 00:07:37

Health: -2/46      AC: -7    Str: 15    XL:     7   Next: 37%
Magic:  7/7        EV: 14    Int: 12    God:
Gold:   179        SH:  0    Dex: 12    Spells: 6/6 levels left

rFire   . .          .
                       - Unarmed
rCold   . . .        (no shield)
rNeg    . . .        (helmet currently unavailable)
rPois   .            (no amulet)
rElec   .            (no ring)
rCorr   .            (no ring)
SInv    .            (no ring)
Will    .....        (no ring)
Stlth   +++          (no ring)
HPRegen 0.27/turn    (no ring)
MPRegen 0.10/turn    (no ring)
                     (no ring)

%: no passive effects
@: beast-form, corroded
A: beast (slay +2), almost no armour, amphibious, 8 rings, camouflage 1,
gelatinous body 1, (nimble swimmer 1), tentacles
a: Begin Untransformation


You were on level 6 of the Dungeon.
You were a hulking beast.
You visited 2 branches of the dungeon, and saw 7 of its levels.

You collected 179 gold pieces.

Inventory:

Talismans
 b - a beast talisman
 c - a flux talisman
 o - a blade talisman
Wands
 i - a wand of mindburst (21)
Scrolls
 d - a scroll of immolation
 e - a scroll of poison
 j - a scroll of vulnerability
 l - a scroll of teleportation
Potions
 a - 2 potions of lignification
 f - a potion of haste
 g - a potion of degeneration {unknown}
 h - a potion of mutation {unknown}
 k - a potion of brilliance {unknown}
 m - 2 potions of curing
 n - a potion of magic {unknown}


   Skills:
 * Level 3.4 Fighting
 * Level 3.9 Dodging
 + Level 3.1 Stealth
 * Level 4.5 Unarmed Combat
 + Level 1.7 Evocations
 * Level 4.3 Shapeshifting


You had 6 spell levels left.
You didn't know any spells.
Your spell library contained the following spells:

 Spells                   Type           Power      Damage    Failure   Level
 Slow                     Hex            0%         N/A       32%         1
 Blink                    Tloc           0%         N/A       45%         2
 Lesser Beckoning         Tloc           0%         N/A       45%         2
 Momentum Strike          Conj/Tloc      0%         3d8       45%         2
 Confusing Touch          Hex            0%         N/A       69%         3
 Sigil of Binding         Hex            0%         N/A       69%         3
 Vampiric Draining        Necr           0%         2d6       69%         3


Dungeon Overview and Level Annotations

Branches:
Dungeon (6/15)             Temple (1/1) D:5

Altars:
Cheibriados
Dithmenos
Elyvilon
Fedhas
Kikubaaqudgha
Makhleb
Nemelex Xobeh
Okawaru
Qazlal
Ru
Trog
Uskayaw
Vehumet
Xom
Yredelemnul
Zin

Shops:
D:2 [


Innate Abilities, Weirdness & Mutations

You are a hulking beast.
Your limbs bulge with bestial killing power. (Slay +2)
You cannot wear most types of armour.
You are amphibious.
You can wear up to eight rings at the same time.
Your skin changes colour to match your surroundings (Stealth+).
Your rubbery body absorbs attacks. (AC +1, EV +1)
((You are camouflaged when in or above water. (Stealth+)))
You have tentacles for arms and can constrict up to eight enemies at once.


Message History

A hound comes into view.
The helpless white imp fails to defend itself.
You bludgeon the white imp!
You kill the white imp!
A jelly comes into view.
The hound barks!
The jelly quivers.
The hound attacks as it pursues you! The hound completely misses you. x2
The hound bites you but does no damage.
The hound pauses to sniff the ground.
The hound attacks as it pursues you! The hound barely misses you.
You tentacle-slap the hound. Your grab misses the hound.
The hound is moderately wounded.
The hound bites you. The hound misses you.
You tentacle-slap the hound but do no damage.
Your grab misses the hound.
You squeeze the hound, but do no damage.
The hound is moderately wounded.
The hound bites you.
You tentacle-slap the hound but do no damage.
You grab the hound. You squeeze the hound.
The hound is heavily wounded.
You constrict the hound. The hound bites you. x2
You tentacle-slap the hound.
You kill the hound!
You completely miss the jelly. You squeeze the jelly!
The jelly is heavily wounded.
The jelly hits you. The acid corrodes you!
You are splashed with acid!
You tentacle-slap the jelly but do no damage.
Your tentacles burn!
The jelly is heavily wounded.
The jelly hits you.
You are splashed with acid.
* * * LOW HITPOINT WARNING * * *
You tentacle-slap the jelly.
Your tentacles burn!
* * * LOW HITPOINT WARNING * * *
The jelly is severely wounded.
The jelly hits you.
* * * LOW HITPOINT WARNING * * *
The acid corrodes you!
You are splashed with acid!
You die...

. #.....#.####
#.##.........##
#.............#
###...........###
#.....<........
#.#####.....###
#. #.....#
#.#####.....#
#.hJ........#
####...######
#...# #...#
#####J..#####
##...........##
.....(.........
##...........##
#####...#####


You could see a jelly.

Vanquished Creatures
  2 water moccasins (D:5)
  A scorpion (D:4)
  A howler monkey (D:4)
  2 hounds
  A sleepcap (D:4)
  Crazy Yiuf (D:3)
  Ijyb (D:3)
  4 adders
  A shadow imp (D:4)
  A white imp (D:6)
  3 worms (D:2)
  6 orcs
  4 ball pythons
  2 bats (D:2)
  7 endoplasms
  5 giant cockroaches
  6 goblins
  5 hobgoblins
  4 jackals (D:4)
  7 kobolds
  4 quokkas
  5 frilled lizards
  4 rats
77 creatures vanquished.

Notes
Turn   | Place    | Note
-------+----------+-------------------------------------------
     0 | D:1      | timneilson the Octopode Shapeshifter began the quest for
                  | the Orb.
     0 | D:1      | Reached XP level 1. HP: 13/13 MP: 1/1
   285 | D:1      | Reached XP level 2. HP: 18/18 MP: 2/2
   821 | D:2      | Reached skill level 1 in Stealth
   821 | D:2      | Reached XP level 3. HP: 13/23 MP: 3/3
   991 | D:2      | Found Fuggakyde's Armour Emporium.
  1509 | D:2      | Reached XP level 4. HP: 29/29 MP: 4/4
  1910 | D:3      | Noticed Ijyb
  1972 | D:3      | Found a runed translucent door.
  1973 | D:3      | Noticed Crazy Yiuf
  2064 | D:3      | Found a faded altar of an unknown god.
  2068 | D:3      | Found a white marble altar of Elyvilon.
  2417 | D:3      | Killed Ijyb
  2418 | D:3      | Reached XP level 5. HP: 15/34 MP: 5/5
  2624 | D:3      | Killed Crazy Yiuf
  2934 | D:4      | HP: 1/35 [scorpion (8)]
  2936 | D:4      | Reached XP level 6. HP: 15/41 MP: 6/6
  3197 | D:4      | Reached skill level 1 in Evocations
  3410 | D:5      | Entered Level 5 of the Dungeon
  3695 | D:5      | Noticed a water moccasin
  3700 | D:5      | Killed a water moccasin
  3701 | D:5      | Reached XP level 7. HP: 21/46 MP: 7/7
  3973 | D:5      | Found a staircase to the Ecumenical Temple.
  3978 | Temple   | Entered the Ecumenical Temple
  4334 | D:6      | Splashed by a jelly's acid

Illustrated notes

Levels and vault maps discovered:
D:1:      elethiomel_arrival_maze, layout_basic
D:2:      layout_loops_corners, serial_shops, shop
D:3:      layout_basic, nicolae_overflow_ecumenical_swirl,
          minmay_misc_feat_columns, minmay_misc_feat_rugged, uniq_ijyb,
          uniq_crazy_yiuf_cottage
D:4:      layout_rooms, serial_bayou_pond_b
D:5:      layout_loops_cross, minmay_temple_entry_nine_rooms,
          serial_bayou_pond_e
D:6:      layout_loops_cross, minitemple, minmay_manual_monolith, uniq_menkaure
Temple:   regret_index_temple_generic_petals

Skill      XL: |  1  2  3  4  5  6  7 |
---------------+----------------------+-----
Stealth        | 1 2 3 |  3.1
Fighting       | 2 3 |  3.4
Dodging        | 3 |  3.9
Unarmed Combat | 4 |  4.5
Evocations     | 1 |  1.7
Shapeshifting  | 4 |  4.3

Action                     |  1- 3 |  4- 6 |  7- 9 || total
---------------------------+-------+-------+-------++-------
  Melee: Unarmed           |    60 |    91 |    12 ||   163
         Constrict         |    17 |    31 |     2 ||    50
         Tentacles         |    11 |    22 |     4 ||    37
         Punch             |     2 |     3 |     1 ||     6
    Use: Scroll            |     2 |     5 |     3 ||    10
         Potion            |       |     1 |       ||     1
   Stab: Sleeping          |    15 |     5 |     1 ||    21
 Armour: Skin              |    16 |    38 |    11 ||    65
  Dodge: Dodged            |    22 |    49 |     5 ||    76

Table legend: (Time is in decaauts)
 A = Elapsed time spent in this place.
 B = Non-inter-level travel time spent in this place.
 C = Inter-level travel time spent in this place.
 D = Time resting spent in this place.
 E = Time spent auto-exploring this place.
 F = Levels seen in this place.
 G = Mean time per level.
                   A        B        C        D        E       F      G
               +--------+--------+--------+--------+--------+-----+--------+
         Total |   4322 |   4173 |    149 |    356 |   3009 |   7 |  617.4 |
       Dungeon |   4321 |   4172 |    149 |    356 |   3009 |   6 |  720.2 |
        Temple |      1 |      1 |      0 |      0 |      0 |   1 |    1.0 |
               +--------+--------+--------+--------+--------+-----+--------+

Top non-repeatable levels by time:
     D:3: 1018 daAuts
     D:2: 914 daAuts
     D:5: 865 daAuts
     D:1: 812 daAuts
     D:4: 656 daAuts
     D:6: 55 daAuts
  Temple: 1 daAuts
